Map: Magannatha LE

Players

higuys - Winner!

  • Race: Terran Terran
  • League: Master
  • Spawn Location: 11:00

LigerMaNN

  • Race: Zerg Zerg
  • League: Diamond
  • Spawn Location: 5:00

VOD

Have the link to the VOD?

Description

Time

  • Played on: June 26, 2025, 2:15 a.m.
  • Length: 10:50
Show
View Real Time Build Order
Export as new Build Order

higuys Terran - Winner!

Build Orders: Reaper Expand 

Get SALT Encoding   

  12  0:00  SCV  
  13  0:12  SCV  
  14  0:17  Supply Depot  
  14  0:25  SCV  
  15  0:39  SCV  
  15  0:41  Barracks  
  16  0:45  Refinery  
  16  0:51  SCV  
  17  1:03  SCV  
  18  1:15  SCV  
  19  1:28  Orbital Command  
  19  1:29  Reaper  
  20  1:40  Command Center  
  20  1:50  Supply Depot  
  20  1:54  SCV  
  21  2:01  Marine  
  21  2:08  SCV  
  23  2:09  Factory  
  23  2:16  Refinery  
  23  2:20  SCV  
  24  2:32  SCV  
  25  2:44  SCV, Barracks Reactor  
  26  2:52  Orbital Command  
  26  2:56  SCV  
  26  2:57  Starport  
  27  3:01  Hellion  
  29  3:08  SCV  
  30  3:19  Supply Depot  
  30  3:20  SCV x2  
  32  3:32  Hellion x2, Barracks Tech Lab  
  36  3:35  SCV  
  36  3:36  Viking  
  36  3:38  SCV  
  39  3:44  Supply Depot  
  39  3:47  SCV  
  40  3:50  SCV  
  40  3:51  Stimpack  
  45  3:55  Hellion x2  
  45  3:59  SCV  
  46  4:14  Command Center, Liberator  
  46  4:16  Marine  
  50  4:26  Barracks  
  50  4:27  Barracks  
  50  4:30  Factory Reactor  
  50  4:31  Supply Depot  
  50  4:34  SCV  
  50  4:35  SCV  
  52  4:43  Marine  
  53  4:47  SCV x2  
  55  4:54  Supply Depot  
  55  4:59  SCV  
  56  5:01  Starport Reactor  
  54  5:15  SCV  
  54  5:17  Marine x2  
  49  5:22  Factory Tech Lab  
  49  5:23  Marine x3  
  49  5:24  SCV  
  49  5:25  Supply Depot  
  49  5:27  SCV  
  54  5:28  Engineering Bay  
  54  5:29  Engineering Bay  
  54  5:30  Orbital Command  
  54  5:31  Barracks  
  54  5:32  Barracks  
  54  5:34  Refinery  
  54  5:35  Marine x2  
  56  5:39  SCV  
  56  5:40  Medivac x2  
  56  5:41  Combat Shield  
  61  5:47  Siege Tank  
  64  5:51  SCV  
  64  5:52  Refinery  
  64  5:56  Marine x4  
  69  6:01  Orbital Command, SCV  
  69  6:03  SCV  
  71  6:06  Terran Infantry Weapons Level 1  
  71  6:07  Terran Infantry Armor Level 1  
  71  6:09  Marine  
  72  6:20  Barracks Reactor  
  72  6:22  Marine  
  73  6:27  SCV  
  73  6:28  SCV x2  
  73  6:30  Marine  
  73  6:31  Marine x2  
  79  6:33  Barracks Reactor  
  80  6:40  SCV x3  
  80  6:42  Siege Tank  
  80  6:43  Marine, Medivac  
  80  6:44  Marine  
  89  6:48  Marine  
  89  6:49  Command Center  
  89  6:52  Marine x2, SCV  
  89  6:53  Medivac  
  95  6:56  Supply Depot  
  95  6:57  Supply Depot  
  95  7:01  Marine  
  95  7:04  Refinery  
  95  7:05  Refinery  
  95  7:06  SCV x2, Armory  
  98  7:10  Supply Depot  
  98  7:13  Supply Depot x2  
  98  7:16  Marine x3  
  98  7:17  Marine  
  98  7:18  Marine  
  98  7:20  Supply Depot  
  103  7:29  Marine x4  
  106  7:34  Marine x2  
  106  7:35  Supply Depot, Siege Tank  
  112  7:41  SCV x3  
  115  7:45  Marine  
  115  7:46  Marine x2  
  115  7:47  Marine  
  119  7:53  SCV x3  
  119  7:58  Medivac x2  
  124  7:59  Marine x3  
  124  8:00  Marine  
  124  8:02  Factory  
  130  8:05  SCV  
  130  8:06  SCV x2  
  130  8:16  Siege Tank  
  130  8:18  SCV x2  
  135  8:24  Terran Infantry Armor Level 2, Terran Infantry Weapons Level 2  
  135  8:25  Terran Vehicle Weapons Level 1  
  135  8:26  Command Center  
  135  8:32  Sensor Tower  
  135  8:36  Supply Depot  
  135  8:43  Sensor Tower  
  135  8:48  Planetary Fortress  
  135  8:56  Marauder, Marine x3  
  135  8:57  Marine x5  
  135  9:00  Factory Tech Lab  
  135  9:01  Medivac x2  
  135  9:02  Siege Tank  
  152  9:11  Barracks x2  
  152  9:14  Barracks, Marine x5  
  157  9:18  Marauder  
  159  9:29  Marine x2  
  159  9:30  Marine  
  145  9:50  Marine x3  
  145  9:51  Marine x6  
  145  9:52  Siege Tank x2  
  160  9:53  Medivac x2  
  163  10:08  Marine x3  
  163  10:09  Marine x6  
  163  10:13  Barracks Tech Lab x2  
  162  10:14  Barracks Tech Lab  
  162  10:15  SCV x2  
  162  10:17  Refinery  
  164  10:25  Marine x2  
  164  10:26  Refinery  
  164  10:27  Marauder  
Show
View Real Time Build Order
Export as new Build Order

LigerMaNN Zerg 

Build Orders: Hatch First 

Get SALT Encoding   

  12  0:01  Drone  
  13  0:12  Overlord  
  13  0:22  Drone  
  14  0:31  Drone  
  14  0:32  Drone  
  14  0:35  Drone  
  17  0:51  Hatchery  
  17  0:54  Drone  
  17  0:57  Drone  
  18  1:09  Extractor  
  17  1:14  Spawning Pool  
  17  1:16  Drone  
  17  1:18  Drone  
  18  1:28  Drone  
  19  1:42  Drone  
  20  1:49  Drone  
  21  2:03  Queen  
  21  2:04  Queen  
  25  2:08  Drone  
  25  2:09  Drone  
  25  2:12  Metabolic Boost  
  25  2:14  Overlord  
  27  2:25  Hatchery  
  26  2:32  Zergling x4  
  26  2:44  Drone x3  
  26  2:45  Drone  
  30  2:53  Lair  
  30  3:03  Drone  
  30  3:04  Drone x2  
  32  3:09  Drone x2  
  32  3:12  Drone  
  35  3:13  Overlord  
  35  3:36  Queen  
  35  3:38  Drone x7  
  44  3:43  Roach Warren  
  44  3:48  Drone  
  44  4:01  Extractor  
  43  4:03  Drone x3  
  45  4:21  Overlord  
  45  4:22  Overlord x3  
  45  4:52  Hatchery  
  44  4:54  Hatchery  
  44  4:55  Roach x9  
  44  4:56  Roach  
  44  4:57  Zergling x10  
  44  4:59  Zergling x2  
  64  5:07  Drone x3  
  64  5:12  Queen  
  63  5:29  Drone x5  
  63  5:30  Drone x2  
  63  5:32  Drone  
  71  5:39  Evolution Chamber  
  71  5:42  Evolution Chamber  
  69  5:45  Baneling Nest  
  68  5:54  Queen  
  70  6:05  Queen  
  70  6:07  Queen  
  74  6:32  Drone  
  74  6:33  Drone x11  
  85  6:46  Drone  
  86  6:49  Overlord x4  
  81  7:08  Overlord x4  
  80  7:15  Drone  
  80  7:16  Drone x10  
  80  7:17  Drone  
  92  7:23  Zerg Melee Weapons Level 1, Infestation Pit  
  92  7:26  Zerg Ground Armor Level 1  
  92  7:29  Centrifugal Hooks  
  88  7:40  Drone x2  
  88  7:41  Drone  
  88  7:42  Drone x3, Extractor  
  88  7:43  Drone, Extractor  
  88  7:44  Drone x3  
  86  7:51  Drone  
  86  7:52  Drone x6  
  86  7:54  Drone  
  91  8:10  Hydralisk Den  
  91  8:11  Drone x3  
  91  8:12  Drone x9  
  100  8:15  Extractor x2  
  98  8:24  Drone x3  
  98  8:25  Drone  
  98  8:26  Drone  
  103  8:27  Drone x2  
  103  8:28  Drone  
  103  8:30  Overlord  
  103  8:31  Overlord x2  
  106  8:51  Zergling x26  
  105  9:02  Queen  
  101  9:12  Zergling x14  
  101  9:13  Zergling x6  
  101  9:16  Baneling x14  
  101  9:17  Baneling x12  
  100  9:25  Zergling x14  
  66  9:44  Zergling x36  
  49  10:32  Zergling x32  
  49  10:33  Zergling x8  
Tags
 
Add a new tag
Caveats
  • Supply blocks, unpowered buildings, or Contaminate may cause inaccurate times.
  • Supply counts are checked every 10 seconds.